[Event "Team 45 45 League T43"]
[Site "Internet Chess Club"]
[Date "2009.11.27"]
[Round "5"]
[White "giltar"]
[Black "Gwyddbwyll"]
[Result "1/2-1/2"]
[WhiteElo "1840"]
[BlackElo "1885"]
[Opening "Old Benoni defense"]
[ECO "A43"]
[Time "14:03:38"]
[TimeControl "2700+45"]

1. d4 c5 2. e3 e6 3. Nf3 d5 4. b3 cxd4 5. exd4 Nf6 6. Bd3 Nc6 7. O-O Bd6 8. Bb2
Bd7 9. a3 Qc7 10. Re1 O-O 11. Nbd2 Ng4 12. h3 Nf6 13. Ne5 Rfd8 14. Rc1 Qb6 15.
Ndf3 Na5 16. Ng5 Be8 17. Ng4 Be7 18. Nxf6+ Bxf6 19. Qg4 h6 20. Nf3 Rac8 21. Rb1
Bb5 22. Bc1 Bxd3 23. cxd3 Kf8 24. b4 Nc6 25. Bb2 a5 26. Bc3 a4 27. Ne5 Ne7 28.
Rbc1 Nf5 29. Bb2 Rxc1 30. Rxc1 g6 31. Rc5 Kg7 32. Qf3 Be7 33. g4 Nd6 34. Qd1 f6
35. Nf3 Nb5 36. Rc2 Ra8 {Game drawn by mutual agreement} 1/2-1/2